 Dungeon Crawl Stone Soup version 0.29.1-12-g30fa7ad0bf (webtiles) character file.

Game seed: 17113735381099526440

98 wormed the Trooper (level 4, -1/35 HPs)
             Began as a Demonspawn Fighter on Dec 22, 2022.
             Slain by Sigmund
             ... wielding a +0 scythe
              (9 damage)
             ... on level 3 of the Dungeon.
             The game lasted 00:02:08 (2271 turns).

wormed the Trooper (Demonspawn Fighter)             Turns: 2271, Time: 00:02:09

Health: -1/35      AC:  6    Str: 18    XL:     4   Next: 43%
Magic:  4/4        EV:  9    Int: 10    God:
Gold:   103        SH:  4    Dex: 12    Spells: 3/3 levels left

rFire   . . .      SeeInvis .   j - +0 whip (elec)
rCold   . . .      Faith    .   c - +0 buckler
rNeg    . . .      Spirit   .   b - +0 scale mail
rPois   .          Reflect  .   (helmet restricted)
rElec   .          Harm     .   (no cloak)
rCorr   .          Rampage  .   (no gloves)
Will    .....                   (no boots)
Stlth   ..........              (no amulet)
HPRegen 0.11/turn               (no ring)
MPRegen 0.09/turn               (no ring)

@: mighty
A: horns 1
a: no special abilities


You were on level 3 of the Dungeon.
You visited 1 branch of the dungeon, and saw 3 of its levels.

You collected 103 gold pieces.

Inventory:

Hand Weapons
 a - a +0 flail
 j - a +0 whip of electrocution (weapon)
Armour
 b - a +0 scale mail (worn)
 c - a +0 buckler (worn)
Jewellery
 i - a ring of see invisible
Scrolls
 e - 4 scrolls of amnesia {unknown}
 f - a scroll of immolation {unknown}
 h - a scroll of poison {unknown}
 k - 3 scrolls of teleportation {unknown}
 l - a scroll of enchant armour {unknown}
 m - a scroll of identify {unknown}
 n - a scroll of enchant weapon {unknown}
Potions
 g - a potion of curing {unknown}


   Skills:
 + Level 3.5 Fighting
 * Level 3.0 Maces & Flails
 + Level 3.2 Armour
 + Level 3.2 Shields


You had 3 spell levels left.
You didn't know any spells.
Your spell library contained the following spells:

 Spells                   Type           Power      Damage    Failure   Level
 Necrotise                Necr           0%         1d4       83%         1
 Shock                    Conj/Air       0%         1d3       83%         1
 Summon Small Mammal      Summ           0%         N/A       83%         1
 Call Canine Familiar     Summ           0%         N/A       99%         3
 Summon Guardian Golem    Hex/Summ       0%         N/A       99%         3
 Swiftness                Air            0%         N/A       99%         3
 Vampiric Draining        Necr           0%         2d6       99%         3
 Airstrike                Air            0%         2d(0-16)  100%        4
 Agony                    Necr           0%         N/A       100%        5


Dungeon Overview and Level Annotations

Branches:
Dungeon (3/15)

Altars:
Vehumet

Annotations:
D:3 Sigmund


Innate Abilities, Weirdness & Mutations

You have a pair of small horns on your head.


Message History

No target in view!
No target in view!
No target in view!
There is an open door here.
You see here a +0 dagger.
Found an escape hatch in the ceiling.
As you open the door, it creaks loudly!
There is an open door here.
There is a radiant altar of Vehumet here.
There is an open door here.
You see here a +0 dagger.
You enter the shallow water.
Moving in this stuff is going to be slow.
You enter the shallow water.
Moving in this stuff is going to be slow.
You enter the shallow water.
Moving in this stuff is going to be slow.
Sigmund the Dreaded comes into view.
He is wielding a +0 scythe and wearing a +1 robe of willpower.
Sigmund shouts!
Sigmund casts a spell.
Sigmund flickers and vanishes!
Deactivating autopickup; reactivate with Ctrl-A.
There is a strange disturbance nearby!
A puff of flame appears from out of thin air!
The puff of flame hits you. Something hits you! Something hits you.
You miss something. You hit something but do no damage.
Something hits you but does no damage.
You hit something. You barely miss something. Your headbutt misses something.
You hear some strange, mumbled words.
Something tries to affect you, but you resist.
You barely miss something. Something hits you!
You closely miss something. Something hits you.
* * * LOW HITPOINT WARNING * * *
You closely miss something. You block something's attack.
You feel very mighty all of a sudden.
You closely miss something. Something hits you!
You die...

#.##≈≈≈.#..##....#
#.####≈≈≈.#.#....#
#.# ##.#.#.≈....#
#.# #.#..≈≈#####
#.# #.#..#≈# #.#
#....# #.# #....#
#.# #....# #@#
#....# #{# #....#
#.# #.#### #
#......{..#.#### #
###.#######....##
# ..# #.##..####
### #.#.......
#†..###)## #...#
#.#


There were no monsters in sight!

Vanquished Creatures
  4 adders (D:2)
  3 dart slugs
  6 bats
  5 endoplasms
  5 hobgoblins
  4 quokkas
  7 ball pythons
  2 frilled lizards (D:1)
  8 goblins
  3 kobolds
  6 rats (D:1)
53 creatures vanquished.

Notes
Turn   | Place    | Note
-------+----------+-------------------------------------------
     0 | D:1      | wormed the Demonspawn Fighter began the quest for the Orb.
     0 | D:1      | Reached XP level 1. HP: 18/18 MP: 1/1
   395 | D:1      | Discovered your monstrous ancestry.
   395 | D:1      | Gained mutation: You have a pair of small horns on your
                  | head. [demonic ancestry]
   395 | D:1      | Reached XP level 2. HP: 22/24 MP: 2/2
   698 | D:1      | Found a faded altar of an unknown god.
  1070 | D:1      | Reached XP level 3. HP: 25/29 MP: 3/3
  1369 | D:2      | Reached XP level 4. HP: 34/35 MP: 4/4
  2181 | D:3      | Found a radiant altar of Vehumet.
  2254 | D:3      | Noticed Sigmund
  2271 | D:3      | Slain by Sigmund

Illustrated notes

Levels and vault maps discovered:
D:1:      spicycebolla_arrival_clurvy, layout_basic, serial_curves,
          eino_curves_02, eino_curves_03, ebering_ecumenical_altar_box
D:2:      layout_basic
D:3:      layout_basic, lemuel_doored_altar, chequers_serial_rivers_small_b,
          uniq_sigmund

Skill      XL: |  1  2  3  4 |
---------------+-------------+-----
Maces & Flails | 2 3 |  3.0
Armour         | 3 |  3.2
Shields        | 3 |  3.2
Fighting       | |  3.5

Action                   |  1- 3 |  4- 6 || total
-------------------------+-------+-------++-------
Melee: Flail             |    32 |       ||    32
       Whip              |    70 |    44 ||   114
       Headbutt          |    11 |     7 ||    18
  Use: Potion            |       |     1 ||     1
Armor: Scale mail        |    46 |    14 ||    60
Dodge: Dodged            |    56 |    10 ||    66
Block: Buckler           |    27 |    12 ||    39
